 Dungeon Crawl Stone Soup version 0.19-a0-1493-gd0fcaa6 (webtiles) character file.

32511 Amnesiac the Bludgeoner (level 13, -1/163 HPs)
             Began as an Ogre Gladiator on Sept 9, 2016.
             Was a High Priest of Kikubaaqudgha.
             Killed from afar by a catoblepas (2 damage)
             ... with a blast of calcifying dust
             ... on level 6 of the Lair of Beasts.
             The game lasted 00:40:57 (23756 turns).

Amnesiac the Bludgeoner (Ogre Gladiator)           Turns: 23756, Time: 00:40:58

Health: -1/163     AC:  6    Str: 28    XL:     13   Next: 65%
Magic:  13/13      EV:  5    Int:  7    God:    Kikubaaqudgha [*****.]
Gold:   1061       SH:  0    Dex: 12    Spells: 5 memorised, 4 levels left

rFire  . . .     SeeInvis .     r - +0 giant club
rCold  . . .     Gourm    .     P - +2 robe "Vophoci" {Str+5}
rNeg   . . .     Faith    .     (shield currently unavailable)
rPois  .         Spirit   .     c - +0 hat
rElec  .         Dismiss  .     L - +0 cloak
rCorr  .         Reflect  +     (gloves unavailable)
MR     ++...     Harm     .     (boots unavailable)
Stlth  +.........               z - +6 amulet of reflection
                                X - ring of flight
                                (no ring)

@: about to teleport, petrifying (expiring), very slow
A: unfitting armour, antennae 1, claws 1, blink, clumsy 1, magic resistance 1,
tough skin 1, subdued magic 1
a: Blink, Receive Corpses, Torment, Renounce Religion, Evoke Flight


You were on level 6 of the Lair of Beasts.
You worshipped Kikubaaqudgha.
Kikubaaqudgha was extremely pleased with you.
You were not hungry.

You visited 3 branches of the dungeon, and saw 17 of its levels.

You collected 1061 gold pieces.

Inventory:

Hand Weapons
 r - a +0 giant club (weapon)
 w - the +9 dagger of Chilly Death {flash freeze, rPois rF- rC++ MR+}
   (You found it on level 3 of the Lair of Beasts)

   It has been specially enchanted to freeze those struck by it, causing extra
   injury to most foes and up to half again as much damage against particularly
   susceptible opponents.
   It can also slow down cold-blooded creatures.
   It makes you vulnerable to fire.
   It greatly protects you from cold.
   It protects you from poison.
   It affects your resistance to hostile enchantments.
 M - a +0 giant spiked club
Missiles
 d - 12 throwing nets
 l - 5 javelins of returning (quivered)
 u - 9 javelins
Armour
 c - a +0 hat (worn)
 L - a +0 cloak (worn)
 P - the +2 robe "Vophoci" (worn) {Str+5}
   (You found it on level 10 of the Dungeon)

   It affects your strength (+5).
Jewellery
 b - an uncursed ring of magical power
 n - an uncursed ring of ice
 z - a +6 amulet of reflection (around neck)
 C - an uncursed ring of magical power
 R - an uncursed amulet of dismissal
 X - a ring of flight (right claw)
 Y - a +5 ring of intelligence
Wands
 t - a wand of acid (3/15)
 A - a wand of paralysis (24/24)
 F - a wand of confusion (40/48)
Scrolls
 g - 12 scrolls of identify
 m - a scroll of teleportation
 q - a scroll of silence
 v - 10 scrolls of remove curse
 I - a scroll of amnesia
 U - a scroll of holy word
Potions
 e - 3 potions of cancellation
 o - a potion of agility
 p - 3 potions of might
 D - a potion of resistance
 E - a potion of flight
 G - a potion of invisibility
 H - 2 potions of haste
 O - a potion of berserk rage
 S - 2 potions of brilliance
 T - a potion of cure mutation
 W - a potion of magic
 Z - 2 potions of curing
Books
 a - Kikubaaqudgha's Grimoire of Unholy Secrets
   (Kikubaaqudgha gifted it to you on level 7 of the Dungeon)

   Spells                             Type                      Level
   a - Pain                           Necromancy                   1
   b - Corpse Rot                     Necromancy                   2
   c - Sublimation of Blood           Necromancy                   2
   d - Vampiric Draining              Necromancy                   3
   e - Control Undead                 Necromancy                   4
 x - a book of Battle

   Spells                             Type                      Level
   a - Infusion                       Charms                       1
   b - Shroud of Golubria             Charms/Translocation         2
   c - Song of Slaying                Charms                       2
   d - Spectral Weapon                Hexes/Charms                 3
   e - Regeneration                   Charms/Necromancy            3
 B - a book of Fire

   Spells                             Type                      Level
   a - Ignite Poison                  Fire/Transmutation/Poison    3
   b - Fireball                       Conjuration/Fire             5
   c - Bolt of Fire                   Conjuration/Fire             6
   d - Delayed Fireball               Conjuration/Fire             7
   e - Ring of Flames                 Charms/Fire                  7
 K - a book of Party Tricks

   Spells                             Type                      Level
   a - Summon Butterflies             Summoning                    1
   b - Apportation                    Translocation                1
   c - Tukima's Dance                 Hexes                        3
   d - Alistair's Intoxication        Transmutation/Poison         5
   e - Invisibility                   Hexes                        6
 Q - Kikubaaqudgha's Disquisition on Necromancy
   (Kikubaaqudgha gifted it to you on level 1 of the Lair of Beasts)

   Spells                             Type                      Level
   a - Bolt of Draining               Conjuration/Necromancy       5
   b - Agony                          Necromancy                   5
   c - Cigotuvi's Embrace             Necromancy                   5
   d - Dispel Undead                  Necromancy                   5
   e - Simulacrum                     Ice/Necromancy               6
 V - a Grand Grimoire

   Spells                             Type                      Level
   a - Monstrous Menagerie            Summoning                    7
   b - Summon Greater Demon           Summoning                    7
   c - Malign Gateway                 Summoning/Translocation      7
   d - Summon Horrible Things         Summoning                    8
Comestibles
 f - 11 bread rations
 h - 41 fruits
 i - 15 meat rations
 j - 5 beef jerkies
 k - 3 slices of pizza
 s - 9 chunks of flesh
 N - a royal jelly


   Skills:
 + Level 19.4 Fighting
 + Level 19.5 Maces & Flails
 - Level 2.0 Throwing
 - Level 2.6 Dodging


You had 4 spell levels left.
You knew the following spells:

 Your Spells              Type           Power        Failure   Level  Hunger
a - Infusion              Chrm           #...         43%         1    ##.....
b - Spectral Weapon       Hex/Chrm       #.......     95%         3    ####...
c - Corpse Rot            Necr           N/A          69%         2    ###....
d - Apportation           Tloc           #.........   43%         1    ##.....
e - Summon Butterflies    Summ           #.......     43%         1    ##.....


Dungeon Overview and Level Annotations

Branches:
Dungeon (10/15)            Temple (1/1) D:6            Lair (6/6) D:10
 Shoals (0/4) Lair:4        Snake (0/4) Lair:2
  Slime: Lair:5-6       Orc: D:9-12

Altars:
Ashenzari
Cheibriados
Dithmenos
Elyvilon
Fedhas
Gozag
Hepliaklqana
Kikubaaqudgha
Makhleb
Nemelex Xobeh
Okawaru
Qazlal
Ru
Sif Muna
Trog
Uskayaw
Vehumet
Xom
Yredelemnul
Zin
The Shining One

Shops:
D:5 :   D:10 !


Innate Abilities, Weirdness & Mutations

You are too large for most types of armour.
You have tough skin. (AC +1)
You have a pair of small antennae on your head.
You have sharp fingernails.
You can translocate small distances at will.
You are clumsy. (Dex -2)
You are resistant to hostile enchantments. (MR+)
Your spells are a little easier to cast, but a little less powerful.


Message History

The spriggan attempts to regain its composure.
The spriggan looks desperately for an escape route.
Your limbs are stiffening.
An elephant comes into view.
Unknown command.
Unknown command.
Okay, then.
Okay, then.
Okay, then.
Unknown command.
Unknown command.
As you read the scroll of teleportation, it crumbles to dust.
You feel strangely unstable.
You are engulfed in calcifying dust.
Your limbs have turned to stone.
The dream sheep is no longer petrified.
Something bites the plant but does no damage.
The catoblepas breathes a plume of calcifying dust at you.
The blast of calcifying dust hits you!
You die...
Kikubaaqudgha rasps: "You have failed me!
Welcome... death!"

..# #....$
#...#####.......
.....#..#........
#................
................♣
.....§...(..≈≈≈≈♣♣
P.....§.....≈#≈≈.♣
.P.....@....≈≈#≈.♣♣P
........Y...≈≈≈≈...
.#............g..#
.........#Y.#...#
..........#.Y...#
.......i..#.....#
.!.....Y......h##
.............YP#
P#.........h.YP.


You could see a catoblepas, 3 elephants, a spriggan (fleeing), a wolf
(wandering), a dream sheep (fleeing) and a boggart.

Vanquished Creatures
  An ice dragon (Lair:3)
  2 hydras
  Harold (Lair:1)
  An oklob plant (Lair:2)
  7 black mambas
  2 sirens (Lair:4)
  9 spiny frogs
  4 komodo dragons
  8 rime drakes
  2 trolls
  3 merfolk
  A meliai zombie (D:9)
  A polar bear (Lair:4)
  10 blink frogs
  5 slime creatures
  A dream sheep (Lair:6)
  The ghost of Leszczynek the Cudgeler, an amateur OgNe of Okawaru (D:5)
  A wyvern (D:10)
  A vampire (D:10)
  The ghost of Leszczynek the Cudgeler, an amateur OgNe of Cheibriados (D:3)
  26 yaks
  2 basilisks (Lair:1)
  7 hippogriffs
  8 water moccasins
  11 porcupines
  2 phantoms (D:6)
  16 ice beasts
  A slave (D:9)
  2 black bears
  4 orc warriors
  2 sky beasts
  4 ogres
  A wasp (D:7)
  14 wolves
  4 centaurs
  12 crocodiles
  A big kobold (D:9)
  10 giant frogs
  A scorpion (D:7)
  10 killer bees
  A howler monkey (D:6)
  3 electric eels (Lair:5)
  2 giant frog zombies (D:9)
  7 crimson imps
  2 jellies (D:6)
  6 orc priests
  5 hounds
  A giant frog skeleton (D:10)
  2 orc wizards
  2 gnoll shamans
  8 iguanas
  Terence (D:1)
  9 worker ants
  A killer bee zombie (D:10)
  2 hound skeletons
  A worker ant zombie (D:10)
  8 gnolls
  A howler monkey skeleton (D:5)
  11 adders
  74 river rats
  2 shadow imps (D:7)
  5 worms
  2 dart slugs (D:4)
  9 giant geckos
  38 orcs
  A ball python (D:3)
  3 giant cockroaches
  5 goblins
  7 hobgoblins
  3 jackals
  3 quokkas
  13 bats
  A giant gecko zombie (D:9)
  A giant newt (D:1)
  8 kobolds
  9 rats
  2 fungi (D:10)
  3 plants
462 creatures vanquished.

Vanquished Creatures (others)
  A spiny frog (Lair:6)
  A wolf (Lair:3)
  A kobold (D:9)
  12 fungi
  8 plants
23 creatures vanquished.

Grand Total: 485 creatures vanquished

Notes
Turn   | Place    | Note
-------+----------+-------------------------------------------
     0 | D:1      | Amnesiac the Ogre Gladiator began the quest for the Orb.
     0 | D:1      | Reached XP level 1. HP: 22/22 MP: 1/1
    91 | D:2      | Reached XP level 2. HP: 25/31 MP: 2/2
   563 | D:2      | Reached XP level 3. HP: 27/39 MP: 3/3
   774 | D:3      | Noticed Leszczynek's ghost (amateur OgNe)
  1152 | D:2      | Reached XP level 4. HP: 44/49 MP: 4/4
  1348 | D:2      | Reached skill level 5 in Fighting
  1462 | D:3      | Reached skill level 5 in Maces & Flails
  1474 | D:3      | Noticed Terence
  2244 | D:3      | Reached XP level 5. HP: 44/57 MP: 5/5
  3116 | D:5      | Entered Level 5 of the Dungeon
  3125 | D:5      | Noticed Leszczynek's ghost (amateur OgNe)
  3295 | D:5      | Reached XP level 6. HP: 64/68 MP: 6/6
  3800 | D:5      | Reached XP level 7. HP: 50/78 MP: 7/7
  4813 | D:6      | Reached XP level 8. HP: 43/92 MP: 8/8
  5145 | D:5      | Killed Leszczynek's ghost
  5453 | D:5      | Found a deep blue altar of Sif Muna.
  5504 | D:5      | Found Ebarch's Book Emporium.
  5561 | D:5      | Learned a level 1 spell: Infusion
  5565 | D:5      | Learned a level 3 spell: Spectral Weapon
  5749 | D:6      | Reached skill level 10 in Fighting
  5749 | D:6      | Reached skill level 10 in Maces & Flails
  5796 | D:6      | You fall through a shaft for 3 floors!
  6049 | D:8      | Noticed a slime creature
  6063 | D:8      | Noticed a slime creature
  6063 | D:8      | Killed a slime creature
  6198 | D:8      | Killed a slime creature
  6198 | D:8      | Reached XP level 9. HP: 81/105 MP: 9/9
  7822 | D:6      | Found a staircase to the Ecumenical Temple.
  8014 | Temple   | Entered the Ecumenical Temple
  8211 | Temple   | Became a worshipper of Kikubaaqudgha
  8587 | D:1      | Killed Terence
  9127 | D:3      | Killed Leszczynek's ghost
  9605 | D:7      | Reached * piety under Kikubaaqudgha
  9605 | D:7      | Identified Kikubaaqudgha's Grimoire of Unholy Secrets (Kikubaaqudgha gifted it to you on level 7 of the Dungeon)
  9605 | D:7      | Received a gift from Kikubaaqudgha
  9768 | D:7      | Learned a level 2 spell: Corpse Rot
 10126 | D:7      | Learned a level 1 spell: Apportation
 10150 | D:7      | Learned a level 1 spell: Summon Butterflies
 10323 | D:7      | Gained mutation: You have a pair of small antennae on your head. [mutagenic meat]
 10326 | D:7      | Gained mutation: You have sharp fingernails. [mutagenic meat]
 10329 | D:7      | Gained mutation: You can translocate small distances at will. [mutagenic meat]
 10332 | D:7      | Gained mutation: You are clumsy. (Dex -2) [mutagenic meat]
 10399 | D:7      | Gained mutation: Your spells are a little easier to cast, but a little less powerful. [potion of mutation]
 10399 | D:7      | Gained mutation: You are resistant to hostile enchantments. (MR+) [potion of mutation]
 10450 | D:7      | Reached XP level 10. HP: 66/118 MP: 10/10
 10860 | D:8      | Noticed Prince Ribbit
 12046 | D:9      | Reached ** piety under Kikubaaqudgha
 12367 | D:10     | Entered Level 10 of the Dungeon
 13242 | D:10     | Found Binwax's Distillery.
 13278 | D:10     | Found a staircase to the Lair.
 13852 | D:10     | Got a shadowed robe
 13863 | D:10     | Identified the +2 robe "Vophoci" {Str+5} (You found it on level 10 of the Dungeon)
 14345 | Lair:1   | Entered Level 1 of the Lair of Beasts
 14350 | D:10     | Reached XP level 11. HP: 90/131 MP: 11/11
 14543 | Lair:1   | Reached skill level 15 in Maces & Flails
 14781 | Lair:1   | Reached skill level 15 in Fighting
 14787 | Lair:1   | Reached *** piety under Kikubaaqudgha
 14787 | Lair:1   | Identified Kikubaaqudgha's Disquisition on Necromancy (Kikubaaqudgha gifted it to you on level 1 of the Lair of Beasts)
 14787 | Lair:1   | Received a gift from Kikubaaqudgha
 14835 | Lair:1   | Noticed a five-headed hydra
 14848 | Lair:1   | Killed a five-headed hydra
 15842 | Lair:1   | Noticed Harold
 15845 | Lair:1   | Killed Harold
 16725 | Lair:2   | Reached XP level 12. HP: 84/146 MP: 12/12
 16747 | Lair:1   | HP: 5/146 [blink frog (15)]
 17643 | Lair:2   | Reached **** piety under Kikubaaqudgha
 17692 | Lair:2   | Found a staircase to the Snake Pit.
 18069 | Lair:2   | Got a brightly glowing shield
 19565 | Lair:3   | Noticed an ice dragon
 19579 | Lair:3   | Killed an ice dragon
 20053 | Lair:3   | Found a blossoming altar of Fedhas.
 20406 | Lair:3   | Reached ***** piety under Kikubaaqudgha
 20406 | Lair:3   | Reached XP level 13. HP: 61/159 MP: 13/13
 21676 | Lair:4   | Found a staircase to the Shoals.
 22309 | Lair:4   | Identified the cursed -7 shield "Ezxunie" {rC+} (You found it on level 2 of the Lair of Beasts)
 23675 | Lair:6   | Entered Level 6 of the Lair of Beasts
 23752 | Lair:6   | HP: 3/163 [catoblepas (18)]
 23755 | Lair:6   | HP: 1/163 [catoblepas/blast of calcifying dust (7)]
 23756 | Lair:6   | Killed from afar by a catoblepas

Vault maps used:
D:1:      erik_arrival_cave_to_civilisation
D:3:      uniq_terence
D:4:      first_bread, minmay_unequal
D:5:      basic_altar, serial_shops, kennysheep_mini
D:8:      uniq_prince_ribbit1
D:9:      uniq_pikel
D:10:     due_lair_maze_entry_diamond, serial_shops,
          nicolae_shop_competitors_out_of_business, hangedman_fish_farm
Temple:   minmay_crystal_snake_temple
Lair:1:   small_statue_intersection, wad_woods_03, uniq_harold
Lair:2:   minmay_lair_oklob_items, grunt_forest_large_clearings,
          grunt_megastairs_1
Lair:3:   basic_altar, minmay_guarded_unrand_chilly_death
Lair:4:   elwin_shoals_entry_stream, serial_bayou_pond_d
Lair:5:   serial_bayou, serial_bayou_shore_a, serial_bayou_lake_a,
          serial_bayou_pond_c, serial_bayou_pond_c
Lair:6:   minmay_lair_end_enchanted_forest, slime_dummy,
          nicolae_lair_yak_garden, lemuel_fruit_tree

Skill      XL: |  1  2  3  4  5  6  7  8  9 10 11 12 13 |
---------------+----------------------------------------+-----
Fighting       | 3 4 5 6 7 9 11 12 14 16 18 19 | 19.4
Maces & Flails | 5 6 7 8 10 12 14 16 18 19 | 19.5
Throwing       | |  2.0
Dodging        | |  2.6

Action                   |  1- 3 |  4- 6 |  7- 9 | 10-12 | 13-15 || total
-------------------------+-------+-------+-------+-------+-------++-------
Melee: Flail             |    83 |   152 |   123 |       |       ||   358
       Giant club        |       |       |   175 |   683 |   273 ||  1131
Throw: Javelin           |       |    14 |    17 |     1 |     1 ||    33
       Throwing net      |       |       |     1 |       |       ||     1
  Use: Scroll            |       |     3 |    18 |       |    17 ||    38
       Potion            |       |     2 |     2 |     5 |     1 ||    10
 Stab: Sleeping          |     1 |       |     1 |     2 |     3 ||     7
       Invisible         |       |       |       |     3 |       ||     3
       Petrified         |       |       |       |       |     1 ||     1
  Eat: Chunk             |     1 |     8 |    25 |    32 |    11 ||    77
Armor: Robe              |    30 |    31 |    57 |    91 |    33 ||   242
       Skin              |       |       |       |    13 |       ||    13
Dodge: Dodged            |    51 |    82 |   133 |   210 |   100 ||   576
Block: Other             |       |       |    31 |   128 |    60 ||   219
       Reflection        |       |       |     3 |     3 |       ||     6
